 Dungeon Crawl Stone Soup version 0.22.1-2-g9c5b331 (webtiles) character file.

72 WarriorsX the Skirmisher (level 4, 0/39 HPs)
             Began as a Human Berserker on Dec 12, 2018.
             Was a Follower of Trog.
             Hit by a stone thrown by a kobold (1 damage)
             ... while paralysed
             ... on level 2 of the Dungeon.
             The game lasted 00:04:08 (1258 turns).

WarriorsX the Skirmisher (Human Berserker)          Turns: 1258, Time: 00:04:09

Health: 0/39       AC:  2    Str: 18    XL:     4   Next: 48%
Magic:  4/4        EV:  2    Int:  7    God:    Trog [*.....]
Gold:   107        SH:  0    Dex: 13    Spells: 3/3 levels left

rFire    . . .     SeeInvis .   a - +0 hand axe
rCold    . . .     Gourm    .   (no shield)
rNeg     . . .     Faith    .   b - +0 animal skin
rPois    .         Spirit   .   (no helmet)
rElec    .         Reflect  .   (no cloak)
rCorr    .         Harm     .   (no gloves)
MR       .....                  (no boots)
Stlth    +.........             (no amulet)
HPRegen  0.13/turn              (no ring)
MPRegen  0.09/turn              (no ring)

@: paralysed, lethally poisoned (0 -> -5), berserk cooldown, slowed
A: no striking features
a: Berserk, Renounce Religion


You were on level 2 of the Dungeon.
You worshipped Trog.
Trog was aware of your devotion.
You were hungry.

You visited 1 branch of the dungeon, and saw 2 of its levels.

You collected 107 gold pieces.

Inventory:

Hand Weapons
 a - a +0 hand axe (weapon)
Armour
 b - a +0 animal skin (worn)
Scrolls
 e - 2 scrolls of identify {unknown}
 f - 2 scrolls of teleportation {unknown}
 i - a scroll of immolation {unknown}
 j - 2 scrolls of remove curse {unknown}
 k - a scroll of fear {unknown}
Potions
 d - a potion of magic {unknown}
 g - a potion of haste {unknown}
 h - a potion of mutation {unknown}
 m - a potion of curing {unknown}
Comestibles
 c - a ration
 l - a chunk of flesh


   Skills:
 + Level 5.0 Fighting
 - Level 3.0 Axes
 - Level 2.0 Armour
 - Level 2.0 Dodging


You had 3 spell levels left.
You didn't know any spells.
Your spell library was empty.

Dungeon Overview and Level Annotations

Branches:
Dungeon (2/15)

Altars:


Message History

Trog accepts your kill.
Your Fighting skill increases to level 5!
* * * LOW HITPOINT WARNING * * *
You feel sick.
You are too berserk!
You are too berserk!
There is a lethal amount of poison in your body!
There is a lethal amount of poison in your body!
You are too berserk!
There is an open door here.
You see here an adder corpse.
You feel a strong urge to attack something.
A kobold comes into view. It is wielding a short sword.
* * * LOW HITPOINT WARNING * * *
You feel sick.
You are too berserk!
You are no longer berserk.
You pass out from exhaustion.
You feel yourself slow down.
The kobold throws a stone.
The stone hits you.
You die...

######÷### .K.
........... ..#####
#####...... .....#
+...... #....# #......
#....# ######'##..
#....# #....(.....
#....# #..........
#.@..# #..........
###†## #..........
#..# #.......... ##.#
#..........
#.##+#.##+#'####
#....<.##.#.#
##.....##.#.####
########.....##'#.....
#.....................


You could see a kobold.

Vanquished Creatures
  Natasha (D:2)
  2 adders (D:2)
  A leopard gecko (D:2)
  3 giant cockroaches
  3 goblins (D:2)
  3 hobgoblins (D:1)
  3 ball pythons (D:2)
  4 bats
  5 frilled lizards (D:2)
  A kobold (D:1)
  4 rats
30 creatures vanquished.

Notes
Turn   | Place    | Note
-------+----------+-------------------------------------------
     0 | D:1      | WarriorsX the Human Berserker began the quest for the Orb.
     0 | D:1      | Reached XP level 1. HP: 18/18 MP: 1/1
   287 | D:1      | Reached XP level 2. HP: 16/24 MP: 2/2
   818 | D:2      | Reached skill level 4 in Fighting
   818 | D:2      | Reached XP level 3. HP: 19/30 MP: 3/3
   902 | D:2      | Noticed Natasha
   914 | D:2      | Killed Natasha
   914 | D:2      | Reached XP level 4. HP: 23/38 MP: 4/4
  1254 | D:2      | HP: 2/57 [adder (2)]
  1255 | D:2      | Reached skill level 5 in Fighting
  1258 | D:2      | Hit by a stone thrown by a kobold

Skill      XL: |  1  2  3  4 |
---------------+-------------+-----
Fighting       | 4 5 |  5.0
Axes           | |  3.0
Armour         | |  2.0
Dodging        | |  2.0

Action                   |  1- 3 |  4- 6 || total
-------------------------+-------+-------++-------
Melee: Hand axe          |    66 |    40 ||   106
Invok: Berserk           |     2 |     1 ||     3
 Stab: Sleeping          |     1 |       ||     1
  Eat: Chunk             |       |     3 ||     3
Armor: Animal skin       |     5 |     6 ||    11
Dodge: Dodged            |    56 |    28 ||    84
